 Dungeon Crawl Stone Soup version 0.24.0-13-gcf9b3192b9 (webtiles) character file.

Game seed: 1390502634821877191, levelgen mode: deterministic

247 mopl the Sneak (level 5, -15/38 HPs)
             Began as a Demigod Enchanter on Nov 6, 2019.
             Demolished by a mummy (17 damage)
             ... in an ossuary.
             The game lasted 00:07:43 (3294 turns).

mopl the Sneak (Demigod Enchanter)                  Turns: 3294, Time: 00:07:44

Health: -15/38     AC:  3    Str: 11    XL:     5   Next: 55%
Magic:  4/12       EV: 11    Int: 21    God:
Gold:   143        SH:  0    Dex: 16    Spells: 1/10 levels left

rFire    . . .     SeeInvis +   a - +0 dagger (elec)
rCold    . . .     Gourm    .   (no shield)
rNeg     . . .     Faith    .   b - +0 robe
rPois    .         Spirit   .   q - +0 helmet
rElec    .         Reflect  .   (no cloak)
rCorr    .         Harm     .   (no gloves)
MR       .....                  (no boots)
Stlth    ++........             e - amulet of regeneration
HPRegen  0.52/turn              g - ring of see invisible
MPRegen  0.13/turn              (no ring)

@: very slightly contaminated, heavily drained
A: high mp 1
a: no special abilities


You were in an ossuary.
You were not hungry.

You visited 1 branch of the dungeon, and saw 4 of its levels.
You also visited: Ossuary.

You collected 143 gold pieces.

Inventory:

Hand Weapons
 a - a +0 dagger of electrocution (weapon)
Armour
 b - a +0 robe (worn)
 q - a +0 helmet (worn)
Jewellery
 e - an amulet of regeneration (around neck)
 g - a ring of see invisible (left hand)
 p - the amulet of Monomieb {Harm *Drain Dex+3}
   (You found it on level 4 of the Dungeon)

   [amulet of harm]

   It increases damage dealt and taken.
   It affects your dexterity (+3).
   It causes draining when unequipped.
Wands
 n - a wand of acid (5)
Scrolls
 d - a scroll of remove curse {unknown}
 f - a scroll of amnesia {unknown}
 h - 2 scrolls of teleportation
 i - 3 scrolls of blinking {unknown}
 l - 2 scrolls of random uselessness {unknown}
 m - a scroll of enchant weapon {unknown}
Potions
 r - a potion of brilliance
Comestibles
 c - 8 rations


   Skills:
 - Level 0.8(0.0) Short Blades
 - Level 1.7(0.4) Dodging
 * Level 4.0(2.6) Stealth
 * Level 3.0(1.7) Spellcasting
 + Level 1.2(0.0) Conjurations
 * Level 3.8(2.4) Hexes
 + Level 1.5(0.2) Ice Magic


You had one spell level left.
You knew the following spells:

 Your Spells              Type           Power        Failure   Level  Hunger
a - Corona                Hex            ##.....      5%          1    #......
b - Ensorcelled Hibernat  Hex/Ice        #.....       13%         2    ###....
c - Confuse               Hex            ##......     17%         3    ###....
g - Dazzling Spray        Conj/Hex       #.....       28%         3    ###....

Your spell library contained the following spells:

 Spells                   Type           Power        Failure   Level  Hunger
 Tukima's Dance           Hex            ##......     17%         3    ###....


Dungeon Overview and Level Annotations

Branches:
Dungeon (4/15)            Ossuary (1/1)
 Temple: D:4-7


Innate Abilities, Weirdness & Mutations

You have an increased reservoir of magic. (+10% MP)


Message History

You hit the mummy.
The mummy is lightly damaged.
The mummy hits you!
You are too injured to fight recklessly!
You are too injured to fight recklessly!
You hit the mummy but do no damage.
The mummy is lightly damaged.
The mummy hits you!
* * * LOW HITPOINT WARNING * * *
You hit the mummy but do no damage. Lightning courses through the mummy!
The mummy is heavily damaged.
Casting: Confuse (safe; 17% risk of failure)
Confirm with . or Enter, or press ? or * to list all spells.
Aiming: Dazzling Spray (safe; 28% risk of failure)
Press: ? - help, Shift-Dir - straight line, f - mummy
Aim: a mummy (heavily damaged)
You miscast Dazzling Spray.
You are very lightly contaminated with residual magic.
Your hands glow momentarily.
The mummy hits you!
You die...

......#
#....#
#....#
#....#
#....#
#....#
#....#
#.M..#
#@...#
#.∩∩.#
######


You could see a mummy.

Vanquished Creatures
  A hound (D:4)
  An iguana (D:4)
  A worker ant (D:4)
  3 mummies (Ossuary)
  Robin (D:3)
  A howler monkey skeleton (D:4)
  2 adders
  An ooze (D:4)
  3 worms
  3 dart slugs
  A leopard gecko (D:2)
  An orc (D:3)
  3 bats (D:1)
  A bat zombie (D:2)
  3 giant cockroaches (D:2)
  2 gnoll zombies (Ossuary)
  13 goblins
  6 hobgoblins
  4 jackals
  3 quokkas
  A ball python (D:3)
  3 frilled lizards
  A hobgoblin zombie (Ossuary)
  A jackal zombie (D:3)
  8 kobolds
  5 orc zombies (Ossuary)
  A quokka zombie (D:2)
  5 rats
79 creatures vanquished.

Notes
Turn   | Place    | Note
-------+----------+-------------------------------------------
     0 | D:1      | mopl the Demigod Enchanter began the quest for the Orb.
     0 | D:1      | Reached XP level 1. HP: 14/14 MP: 5/5
   408 | D:1      | Reached skill level 3 in Stealth
   408 | D:1      | Reached XP level 2. HP: 18/20 MP: 4/7
   412 | D:1      | Learned a level 2 spell: Ensorcelled Hibernation
   754 | D:2      | Found a shimmering blue altar of Sif Muna.
   754 | D:2      | Found an opulent altar of Gozag.
   759 | D:2      | HP: 1/20 [worm (9)]
  1198 | D:2      | Found a snail-covered altar of Cheibriados.
  1430 | D:2      | Reached XP level 3. HP: 17/26 MP: 6/9
  1435 | D:2      | Learned a level 3 spell: Dazzling Spray
  1924 | D:2      | Found a shattered altar of Ashenzari.
  2313 | D:3      | Noticed Robin
  2414 | D:3      | Killed Robin
  2414 | D:3      | Reached XP level 4. HP: 19/33 MP: 1/10
  2553 | D:3      | Reached skill level 1 in Ice Magic
  2638 | D:4      | Noticed a phantom
  2670 | D:4      | Found a hazy altar of Hepliaklqana.
  2721 | D:4      | Reached skill level 1 in Conjurations
  2721 | D:4      | Reached XP level 5. HP: 10/38 MP: 4/12
  2752 | D:4      | Got a slimy brass amulet
  2753 | D:4      | Identified the amulet of Monomieb {Harm *Drain Dex+3} (You
                  | found it on level 4 of the Dungeon)
  2812 | D:4      | Learned a level 3 spell: Confuse
  2818 | D:4      | HP: 1/38 [worker ant (8)]
  2879 | D:4      | Found a sand-covered staircase.
  2887 | Ossuary  | Entered an ossuary
  3205 | Ossuary  | Reached skill level 4 in Stealth
  3292 | Ossuary  | HP: 1/38 [mummy (15)]
  3294 | Ossuary  | Demolished by a mummy

Levels and vault maps discovered:
D:1:      ebering_trefoil_twist, layout_rooms
D:2:      layout_loops_ring, lemuel_round_altar, kennysheep_slug_shrine,
          grunt_temple_overflow_open, serial_undead, serial_undead_b,
          serial_undead_a, serial_undead_d, serial_undead_b, serial_undead_b
D:3:      minmay_recursive_quarters, layout_basic, first_ration, uniq_jessica,
          uniq_robin, uniq_terence
D:4:      layout_rooms, nicolae_overflow_crystal_walls, enter_ossuary_4,
          corner_web_ring
Ossuary:  ossuary_tomb_3

Skill      XL: |  1  2  3  4  5 |
---------------+----------------+-----
Spellcasting   | 2 3 |  3.0
Stealth        | 3 4 |  4.0
Hexes          | 3 |  3.8
Ice Magic      | 1 |  1.5
Conjurations   | 1 |  1.2
Short Blades   | |  0.8
Dodging        | |  1.7

Action                   |  1- 3 |  4- 6 || total
-------------------------+-------+-------++-------
Melee: Dagger            |   165 |    57 ||   222
 Cast: Corona            |     5 |       ||     5
       Ensorcelled Hiber |    24 |    17 ||    41
       Dazzling Spray    |       |     1 ||     1
       Confuse           |       |     8 ||     8
  Use: Scroll            |     2 |     3 ||     5
       Potion            |       |     4 ||     4
 Stab: Sleeping          |    21 |     9 ||    30
       Confused          |       |     2 ||     2
  Eat: Chunk             |     6 |     4 ||    10
       Ration            |       |     1 ||     1
Armor: Robe              |    25 |    11 ||    36
Dodge: Dodged            |    96 |    33 ||   129
